 Dungeon Crawl Stone Soup version 0.19.4 (console) character file.

71 itsmu the Conjurer (level 4, 0/45 HPs)
             Began as a Formicid Conjurer on Feb 3, 2017.
             Slain by Natasha (2 damage)
             ... on level 3 of the Dungeon.
             The game lasted 00:05:08 (2151 turns).

itsmu the Conjurer (Formicid Conjurer)              Turns: 2151, Time: 00:05:09

Health: 0/45       AC: 22    Str: 13    XL:     4   Next: 47%
Magic:  0/9        EV:  2    Int: 15    God:
Gold:   146        SH:  0    Dex: 11    Spells: 3 memorised, 4 levels left

rFire  . . .     SeeInvis .     a - +0 spear
rCold  . . .     Gourm    .     (armour currently unavailable)
rNeg   + + +     Faith    .     (no shield)
rPois  +         Spirit   .     (helmet unavailable)
rElec  .         Reflect  .     (cloak currently unavailable)
rCorr  .         Harm     .     (gloves currently unavailable)
MR     .....                    (boots currently unavailable)
Stlth  ++........               (no amulet)
                                (no ring)
                                (no ring)

@: tree-form
A: permanent stasis, dig shafts and tunnels, four strong arms, (antennae 0)
a: no special abilities


You were on level 3 of the Dungeon.
You were not hungry.
You were a tree.
You visited 1 branch of the dungeon, and saw 3 of its levels.

You collected 146 gold pieces.

Inventory:

Hand Weapons
 a - a +0 spear (weapon)
   (You found it on level 1 of the Dungeon)
Missiles
 n - 59 stones (quivered)
 r - 25 arrows
Armour
 e - a +0 robe (melded)
Jewellery
 g - an uncursed ring of protection from fire {unknown}
   (You found it on level 1 of the Dungeon)
 h - a cursed -2 ring of dexterity {unknown}
   (You found it on level 2 of the Dungeon)
Potions
 t - a potion of magic {unknown}
 u - a potion of brilliance {unknown}
Books
 b - a book of Conjurations

   Spells                             Type                      Level
   a - Magic Dart                     Conjuration                  1
   b - Searing Ray                    Conjuration                  2
   c - Dazzling Spray                 Conjuration/Hexes            3
   d - Fulminant Prism                Conjuration/Hexes            4
   e - Iskenderun's Mystic Blast      Conjuration                  4
   f - Iskenderun's Battlesphere      Conjuration/Charms           5
Comestibles
 c - 2 bread rations
 d - a beef jerky
 i - a meat ration


   Skills:
 - Level 1.7 Dodging
 - Level 2.4 Stealth
 + Level 3.6 Spellcasting
 + Level 4.2 Conjurations


You had 4 spell levels left.
You knew the following spells:

 Your Spells              Type           Power        Failure   Level  Hunger
a - Searing Ray           Conj           ###...       6%          2    ##.....
b - Magic Dart            Conj           ###.         3%          1    None
c - Dazzling Spray        Conj/Hex       #.....       24%         3    ###....


Dungeon Overview and Level Annotations

Branches:
Dungeon (3/15)

Altars:

Annotations:
D:3 Agrougrou's ghost, amateur FoFi; Natasha


Innate Abilities, Weirdness & Mutations

You are under a permanent stasis effect.
You can dig through walls and to a lower floor.
Your four strong arms can wield two-handed weapons with a shield.
((You have a pair of large antennae on your head. (SInv)))


Message History

Press: ? - help, Shift-Dir - straight line, f/p - Natasha
Aim: Natasha (severely wounded)
The magic dart hits Natasha.
Natasha is almost dead.
Natasha stares at you and mumbles some strange words.
The magic dart hits you!
* * * LOW HITPOINT WARNING * * *
The crimson imp blinks!
It was a potion of flight.
You feel very buoyant.
You fly up into the air.
Natasha claws you.
* * * LOW HITPOINT WARNING * * *
It was a potion of lignification.
You turn into a tree.
Your +0 robe melds into your body.
Your roots penetrate the ground.
Natasha claws you but does no damage.
Agrougrou's ghost wails.
You hit Natasha but do no damage.
Natasha is almost dead.
Natasha claws you.
You die...

... ......# #.###.#.# ..$.#
#.#..# #.......## #
......##....##########....####
....[........................'
......###.5.#.#####.##.....###
..W.#.####..#.# #.##.#.#.# #
... #........W# #.##..##.# .
#########h# #.###.##.# #♣# #.#
#.##.# #.# #.# #.##.# #.# #..
....# #.# ### ### #<# ## #.#
.. #.# ## ..# # #


You could see Natasha, Agrougrou's ghost and a crimson imp.

Vanquished Creatures
  An adder (D:2)
  2 oozes (D:1)
  3 worms (D:2)
  A dart slug (D:1)
  3 leopard geckos
  4 giant cockroaches
  6 goblins
  4 hobgoblins
  4 kobolds
  A bat (D:2)
  3 frilled lizards
  8 rats
40 creatures vanquished.

Notes
Turn   | Place    | Note
-------+----------+-------------------------------------------
     0 | D:1      | itsmu the Formicid Conjurer began the quest for the Orb.
     0 | D:1      | Reached XP level 1. HP: 13/13 MP: 3/3
   165 | D:1      | Reached XP level 2. HP: 19/19 MP: 1/5
   234 | D:1      | Learned a level 2 spell: Searing Ray
   370 | D:1      | Reached XP level 3. HP: 14/24 MP: 5/7
   471 | D:1      | Reached skill level 4 in Conjurations
  1065 | D:2      | Reached XP level 4. HP: 30/30 MP: 3/9
  1919 | D:2      | Learned a level 3 spell: Dazzling Spray
  2128 | D:3      | Noticed Natasha
  2134 | D:3      | Noticed Agrougrou's ghost (amateur FoFi)
  2145 | D:3      | HP: 1/30 [Natasha/magic dart (7)]
  2151 | D:3      | Slain by Natasha

Skill      XL: |  1  2  3 |
---------------+----------+-----
Spellcasting   | 3 |  3.6
Conjurations   | 4 |  4.2
Dodging        | |  1.7
Stealth        | |  2.4

Action                   |  1- 3 |  4- 6 || total
-------------------------+-------+-------++-------
Melee: Spear             |    68 |    19 ||    87
 Cast: Magic Dart        |    39 |    48 ||    87
 Abil: Dig               |       |     1 ||     1
  Use: Scroll            |       |     6 ||     6
       Potion            |       |     4 ||     4
 Stab: Sleeping          |     2 |     2 ||     4
  Eat: Chunk             |     1 |     3 ||     4
Armor: Robe              |    10 |     2 ||    12
       Skin              |       |     1 ||     1
Dodge: Dodged            |    36 |    12 ||    48
